[Event "FIDE Women World Blitz 2021"]
[Site "Warsaw"]
[Date "2021.12.29"]
[Round "4.34"]
[White "Muetsch, Annmarie"]
[Black "Yakimova, Mariya"]
[Result "1-0"]
[ECO "B23"]
[WhiteElo "2279"]
[BlackElo "2219"]
[Annotator "NA"]
[PlyCount "109"]
[EventDate "2021.12.29"]
[EventType "swiss"]
[EventCountry "POL"]
[Tiebreak "Cut1 Buchholz"]
[SourceTitle "playchess.com"]
[Source "ChessBase"]
[SourceQuality "1"]
[TimeControl "180+2"]

1. e4 c5 2. Nc3 Nc6 3. Bb5 Nd4 4. Nf3 a6 5. Bd3 Nc6 6. O-O d6 7. h3 g6 8. b3 Bg7 9. Bb2 b5 10. Qc1 e5 11. a4 b4 12. Nd5 Nge7 13.
c3 Nxd5 14. exd5 Ne7 15. cxb4 cxb4 16. Bc4 Bb7 17. d4 e4 18. Ng5 Bh6 19. Qf4 O-O 20. Qg3 Nf5 21. Qg4 Qxg5 22. Qxe4 Rae8 23. Qd3 Qd2 24. Rab1 Qxd3 25. Bxd3 a5 26. Bc4 Re7 27. g4 Nh4 28.
f4 Re3 29. Kh2 Rfe8 30. Rf2 Rf3 31. Rxf3 Nxf3+ 32. Kg3 Nd2 33. Rd1 Nxb3 34. Rd3 Nxd4 35. Bxd4 Bg7 36. Be3 Re4 37. Bb5 Bc3 38. Kf3 Re7 39. Bd2 Bxd2 40. Rxd2 Kg7 41. Bc6 h5 42. Rc2 hxg4+ 43. hxg4 Kf6 44. g5+ Kf5 45. Rc4 b3 46. Rc3 b2 47. Rb3 Ba6 48. Rxb2 Bc4 49. Rc2 Bd3 50. Rb2 Be4+ 51. Kg3 f6 52. gxf6 Kxf6 53. Rb6 Kf5 54. Bb7 Rd7 55. Bc8 1-0

[Event "FIDE Women World Blitz 2021"]
[Site "Warsaw"]
[Date "2021.12.29"]
[Round "4.35"]
[White "Majdan, Joanna"]
[Black "Kazarian, Anna-Maja"]
[Result "1-0"]
[ECO "B24"]
[WhiteElo "2325"]
[BlackElo "2138"]
[Annotator "NA"]
[PlyCount "83"]
[EventDate "2021.12.29"]
[EventType "swiss"]
[EventCountry "POL"]
[Tiebreak "Cut1 Buchholz"]
[SourceTitle "playchess.com"]
[Source "ChessBase"]
[SourceQuality "1"]
[TimeControl "180+2"]

1. e4 e6 2. d3 c5 3. Nc3 Nc6 4. g3 d6 5. Bg2 Nf6 6. f4 Be7 7. Nf3 Bd7 8.
O-O O-O 9. h3 Rb8 10. a4 a6 11. g4 b5 12. axb5 axb5 13. Ne2 Ne8 14. g5 f5 15. exf5 exf5 16. Nh4 Nc7 17. Nc3 Nb4 18. Ra7 d5 19. Rxc7 Qxc7 20. Nxd5 Qd6 21. Nxe7+ Qxe7 22. c3 Na6 23. Bd5+ Be6 24. Re1 Nc7 25. c4 Qd6 26. Rxe6 Nxe6 27. g6 hxg6 28. Nxg6 Rf6 29. Qh5 Re8 30. Be3 bxc4 31. dxc4 Qb8 32. Qh8+ Kf7 33. Ne5+ Ke7 34. Nc6+ Kd6 35. Qh5 Qc8 36. Qe2 g5 37. fxg5 Nxg5 38. Bf4+ Kd7 39. Qh5 Ne4 40. Qh7+ Rf7 41. Qxf7+ Re7 42. Qxe7# 1-0

[Event "FIDE Women World Blitz 2021"]
[Site "Warsaw"]
[Date "2021.12.29"]
[Round "4.36"]
[White "Gil Quilez, Sonia"]
[Black "Kulon, Klaudia"]
[Result "0-1"]
[ECO "E92"]
[WhiteElo "2122"]
[BlackElo "2328"]
[Annotator "NA"]
[PlyCount "68"]
[EventDate "2021.12.29"]
[EventType "swiss"]
[EventCountry "POL"]
[Tiebreak "Cut1 Buchholz"]
[SourceTitle "playchess.com"]
[Source "ChessBase"]
[SourceQuality "1"]
[TimeControl "180+2"]

1. d4 Nf6 2. c4 g6 3. Nc3 Bg7 4. e4 d6 5. Nf3 O-O 6. Be2 e5 7. Be3 exd4 8.
Nxd4 Re8 9. f3 c6 10. Qd2 d5 11. exd5 cxd5 12. c5 Nc6 13. O-O Bd7 14. Ndb5 a6 15. Nd6 Rxe3 16. Qxe3 d4 17. Qd3 dxc3 18. bxc3 Qc7 19. Rad1 Be6 20. Qb1 Rb8 21. Bc4 Nd8 22. Qb4 Nc6 23. Qb2 Bxc4 24. Nxc4 Ne7 25. Qa3 Nfd5 26. Nb6 Nxc3 27. Rd7 Qe5 28. Nc4 Qe6 29. Nb6 h5 30. c6 Nxc6 31. Rc1 Ne2+ 32. Kf2 Nxc1 33. Qxc1 Bd4+ 34. Rxd4 Nxd4 0-1

[Event "FIDE Women World Blitz 2021"]
[Site "Warsaw"]
[Date "2021.12.29"]
[Round "4.37"]
[White "Nur-Mukhametova, Alisa"]
[Black "Girya, Olga"]
[Result "0-1"]
[ECO "D37"]
[WhiteElo "2225"]
[BlackElo "2402"]
[Annotator "NA"]
[PlyCount "42"]
[EventDate "2021.12.29"]
[EventType "swiss"]
[EventCountry "POL"]
[Tiebreak "Cut1 Buchholz"]
[SourceTitle "playchess.com"]
[Source "ChessBase"]
[SourceQuality "1"]
[TimeControl "180+2"]

1. d4 Nf6 2. c4 e6 3. Nf3 d5 4. Nc3 Be7 5. Bf4 dxc4 6. e3 a6 7. a4 c5 8. Bxc4 cxd4 9. Nxd4 Bd7 10. O-O Nc6 11. Nf3 O-O 12. Rc1 Qb6 13. Qb3 Qxb3 14. Bxb3 Rac8 15. Rfd1 Rfd8 16. e4 Nb4 17. e5 Nfd5 18. Nxd5 exd5 19. Bxd5 Rxc1 20. Bxc1 Bxa4 21. b3 Bc6 0-1

[Event "FIDE Women World Blitz 2021"]
[Site "Warsaw"]
[Date "2021.12.29"]
[Round "4.38"]
[White "Kiolbasa, Oliwia"]
[Black "Dworakowska, Joanna"]
[Result "1-0"]
[ECO "B91"]
[WhiteElo "2403"]
[BlackElo "2228"]
[Annotator "NA"]
[PlyCount "58"]
[EventDate "2021.12.29"]
[EventType "swiss"]
[EventCountry "POL"]
[Tiebreak "Cut1 Buchholz"]
[SourceTitle "playchess.com"]
[Source "ChessBase"]
[SourceQuality "1"]
[TimeControl "180+2"]

1. e4 c5 2. Nf3 d6 3. d4 cxd4 4. Nxd4 Nf6 5. Nc3 a6 6. g3 e5 7. Nde2 Be7 8. Bg2 Nbd7 9. a4 b6 10. O-O Bb7 11. Re1 Nc5 12. f3 O-O 13.
Bg5 Ne8 14. Bxe7 Qxe7 15. Nd5 Qd8 16. Nec3 Kh8 17. Ne3 Ra7 18. Ncd5 Bc8 19. Qd2 f5 20. exf5 Bxf5 21. Nxf5 Rxf5 22. Ne3 Rf8 23. Nc4 Rd7 24. Bh3 Re7 25. Nxe5 Qc7 26. Nd3 Rxf3 27. Nf4 Ne4 28. Qd4 Ng5 29. Bg2 Rxe1+ 1-0

[Event "FIDE Women World Blitz 2021"]
[Site "Warsaw"]
[Date "2021.12.29"]
[Round "4.39"]
[White "Jakubowska, Anna"]
[Black "Badelka, Olga"]
[Result "1/2-1/2"]
[ECO "B25"]
[WhiteElo "2106"]
[BlackElo "2188"]
[Annotator "NA"]
[PlyCount "87"]
[EventDate "2021.12.29"]
[EventType "swiss"]
[EventCountry "POL"]
[Tiebreak "Cut1 Buchholz"]
[SourceTitle "playchess.com"]
[Source "ChessBase"]
[SourceQuality "1"]
[TimeControl "180+2"]

1. e4 c5 2. Nc3 Nc6 3. g3 g6 4. Bg2 Bg7 5. d3 d6 6. Nh3 e6 7. O-O Nge7 8. Be3 O-O 9. Qd2 Re8 10. Bh6 Bh8 11. Rae1 Rb8 12. f4 Nd4 13. Nd1 Bd7 14. c3 Ndc6 15. Ne3 Qc7 16. g4 b5 17. f5 exf5 18.
gxf5 Ne5 19. fxg6 hxg6 20. Qe2 Bxh3 21. Bxh3 c4 22. d4 Nd3 23. Rd1 Bg7 24. Bg5 Qb7 25. Qf3 Rf8 26. Ng4 f5 27. Nh6+ Kh7 28.
exf5 Bxh6 29. fxg6+ Nxg6 30. Qh5 Qg7 31. Bf5 Nxb2 32. Rd2 Nd3 33.
Rf3 Rxf5 34. Rxf5 Rf8 35. Rxf8 Nxf8 36. Rg2 Qg6 37. Qh4 Ne6 38. Bxh6 Qxh6 39. Qe7+ Ng7 40. Qe4+ Kh8 41. Qa8+ Kh7 42. Qe4+ Kg8 43. Qa8+ Kh7 44. Qe4+ 1/2-1/2

[Event "FIDE Women World Blitz 2021"]
[Site "Warsaw"]
[Date "2021.12.29"]
[Round "5.1"]
[White "Gunina, Valentina"]
[Black "Assaubayeva, Bibisara"]
[Result "1-0"]
[ECO "E92"]
[WhiteElo "2480"]
[BlackElo "2400"]
[Annotator "ChessBase"]
[PlyCount "95"]
[EventDate "2021.12.29"]
[EventType "swiss"]
[EventCountry "POL"]
[Tiebreak "Cut1 Buchholz"]
[SourceTitle "playchess.com"]
[Source "ChessBase"]
[SourceQuality "1"]
[TimeControl "180+2"]

1. d4 Nf6 2. c4 g6 3. Nc3 Bg7 4. e4 d6 5. Nf3 O-O 6. Be2 e5 7. Be3 Ng4 8. Bg5 f6 9. Bc1 Nh6 10. h4 Nc6 11. d5 Ne7 12. Bd2 Nf7 13. h5 f5 14. hxg6 Nxg6 15.
Qc2 fxe4 16. Nxe4 c6 17. Bd3 cxd5 18. cxd5 Bf5 19. Nf6+ Qxf6 20. Bxf5 e4 21. Qxe4 Nfe5 22. Be6+ Kh8 23. Nxe5 Qxe5 24. Qxe5 Bxe5 25. g3 Bd4 26. f4 Ne7 27. Ke2 Nf5 28. Kd3 Bg7 29. Rh3 Nd4 30. Bg4 Rae8 31. Rah1 h6 32. Bc3 Nf5 33. Bxf5 Rxf5 34. Rxh6+ Kg8 35. Rxd6 Bxc3 36. bxc3 Rf7 37. Rg6+ Rg7 38.
Rxg7+ Kxg7 39. g4 Kg6 40. c4 Rf8 41. Rf1 Rh8 42. Re1 Rh2 43.
Re7 Rxa2 44. Rxb7 Rf2 45. f5+ Kg5 46. d6 Kxg4 47. d7 Rf1 48.
Rb2 1-0

[Event "FIDE Women World Blitz 2021"]
[Site "Warsaw"]
[Date "2021.12.29"]
[Round "5.2"]
[White "Muzychuk, Mariya"]
[Black "Goryachkina, Aleksandra"]
[Result "0-1"]
[ECO "B15"]
[WhiteElo "2536"]
[BlackElo "2604"]
[Annotator "ChessBase"]
[PlyCount "84"]
[EventDate "2021.12.29"]
[EventType "swiss"]
[EventCountry "POL"]
[Tiebreak "Cut1 Buchholz"]
[SourceTitle "playchess.com"]
[Source "ChessBase"]
[SourceQuality "1"]
[TimeControl "180+2"]

1. e4 c6 2. d4 d5 3. Nc3 dxe4 4. Nxe4 Nf6 5. Nxf6+ exf6 6. c3 Bf5 7. Bd3 Bxd3 8. Qxd3 Bd6 9. Nf3 O-O 10. O-O Nd7 11. h3 Re8 12. Bd2 Nf8 13.
Rfe1 Ne6 14. g3 Qd7 15. Kg2 Bc7 16. Re2 Nc5 17. Rxe8+ Rxe8 18. Qc4 Ne4 19. Re1 f5 20. Qd3 h6 21. b3 b5 22. c4 a6 23. Rc1 f4 24. Bxf4 Bxf4 25. gxf4 Qxh3+ 26. Kxh3 Nxf2+ 27. Kg3 Nxd3 28.
Rd1 Re3 29. f5 Kf8 30. Kg2 Ke8 31. Rd2 g5 32. fxg6 fxg6 33. Nh4 Nf4+ 34. Kf2 Rh3 35. Nf3 g5 36. Rd1 g4 37. Re1+ Kd8 38. Ne5 g3+ 39. Kf3 g2+ 40. Kxf4 Rh1 41. Nxc6+ Kc7 42. Re7+ Kxc6 0-1

[Event "FIDE Women World Blitz 2021"]
[Site "Warsaw"]
[Date "2021.12.29"]
[Round "5.3"]
[White "Gaponenko, Inna"]
[Black "Vaishali R"]
[Result "1-0"]
[ECO "C68"]
[WhiteElo "2339"]
[BlackElo "2405"]
[Annotator "NA"]
[PlyCount "119"]
[EventDate "2021.12.29"]
[EventType "swiss"]
[EventCountry "POL"]
[Tiebreak "Cut1 Buchholz"]
[SourceTitle "playchess.com"]
[Source "ChessBase"]
[SourceQuality "1"]
[TimeControl "180+2"]

1. e4 e5 2. Nf3 Nc6 3. Bb5 a6 4. Bxc6 dxc6 5. O-O Bg4 6.
h3 Bh5 7. g4 Bg6 8. Nxe5 Bd6 9. Nxg6 hxg6 10. Qf3 Qh4 11. d4 O-O-O 12. e5 Be7 13. Be3 Qxh3 14. Qxh3 Rxh3 15. Kg2 Rh4 16. f3 f6 17. Nc3 Nh6 18. Bf2 fxe5 19. Bxh4 Bxh4 20. dxe5 Rd2+ 21. Kh3 g5 22. Rac1 Nf7 23. f4 gxf4 24. Rxf4 Nxe5 25. Kxh4 Ng6+ 26. Kg5 Nxf4 27. Kxf4 b5 28. Ne4 Re2 29. Kf3 Rh2 30. Nf2 Kb7 31. Re1 Rh6 32. Re7 Rf6+ 33. Ke3 g6 34. Ne4 Rf1 35. Re6 Ra1 36. a3 Ra2 37. Rxg6 Rxb2 38. Kd2 Ra2 39. g5 Rxa3 40. Rf6 Ra4 41. Kd3 Ra3+ 42. Kd4 Rh3 43.
g6 Rh4 44. Ke5 a5 45. Kf5 Rh5+ 46. Ng5 Rh8 47. g7 Rg8 48. Ne6 a4 49. Rf8 Rxg7 50. Nxg7 Kb6 51. Ke4 Kc5 52. Kd3 Kb4 53. Ne6 c5 54. c3+ Ka3 55. Nxc5 c6 56. Rf2 b4 57. cxb4 Kxb4 58. Kd4 a3 59. Re2 a2 60. Rxa2 1-0

[Event "FIDE Women World Blitz 2021"]
[Site "Warsaw"]
[Date "2021.12.29"]
[Round "5.4"]
[White "Shuvalova, Polina"]
[Black "Semenova, Elena"]
[Result "1-0"]
[ECO "D02"]
[WhiteElo "2515"]
[BlackElo "2233"]
[Annotator "ChessBase"]
[PlyCount "121"]
[EventDate "2021.12.29"]
[EventType "swiss"]
[EventCountry "POL"]
[Tiebreak "Cut1 Buchholz"]
[SourceTitle "playchess.com"]
[Source "ChessBase"]
[SourceQuality "1"]
[TimeControl "180+2"]

1. Nf3 d5 2. d4 Nf6 3. Bf4 c5 4. e3 Nc6 5. Nbd2 e6 6. c3 cxd4 7. exd4 Nh5 8. Be3 g6 9. g3 Bd6 10. Be2 O-O 11. Nh4 Ng7 12. O-O Re8 13.
Re1 Nf5 14. Nxf5 exf5 15. Bf3 Be6 16. Nb3 Rc8 17. Qd2 h5 18.
h4 Qc7 19. Kg2 b6 20. Re2 f4 21. Bxf4 Bxf4 22. Qxf4 Qxf4 23. gxf4 Ne7 24. Rh1 Kg7 25. Re5 Nf5 26. Nc1 f6 27. Ree1 Bf7 28. Rxe8 Rxe8 29. Nd3 a5 30. a4 Kf8 31. Kh3 Re7 32. Kg2 Ke8 33. Kf1 Kd7 34. Bd1 Kd6 35. Ne1 Re4 36. Ng2 Re8 37. Bc2 Be6 38. Ne3 Rg8 39. Bxf5 Bxf5 40. Rg1 Bd7 41. b3 b5 42. axb5 Bxb5+ 43. Ke1 a4 44. bxa4 Bxa4 45. Kd2 Bd7 46. Ra1 Rb8 47. Ra6+ Bc6 48. c4 dxc4 49. d5 Rb2+ 50. Kc3 Rxf2 51. Rxc6+ Ke7 52. Re6+ Kf7 53. Re4 Rf3 54. Kxc4 f5 55. Re5 Rxf4+ 56. Kc5 Rxh4 57. d6 Kf6 58. Re7 Rh1 59. Nd5+ Kg5 60. d7 Rc1+ 61. Kd6 1-0

[Event "FIDE Women World Blitz 2021"]
[Site "Warsaw"]
[Date "2021.12.29"]
[Round "5.4"]
[White "Kolaric, Spela"]
[Black "Rakhmangulova, Anastasiya"]
[Result "0-1"]
[ECO "B01"]
[WhiteElo "2178"]
[BlackElo "2174"]
[Annotator "RC"]
[PlyCount "91"]
[EventDate "2021.12.29"]
[EventType "swiss"]
[EventCountry "POL"]
[Tiebreak "Cut1 Buchholz"]
[SourceTitle "playchess.com"]
[Source "ChessBase"]
[SourceQuality "1"]
[TimeControl "180+2"]

1. e4 d5 2. exd5 Qxd5 3. Nc3 Qd6 4. d4 Nf6 5. Nf3 a6 6. g3 Bg4 7. Bg2 Nc6 8. O-O O-O-O 9. Be3 e5 10. dxe5 Nxe5 11. Qxd6 Nxf3+ 12. Bxf3 Bxd6 13. Bxg4+ Nxg4 14. Rfe1 Bb4 15. h3 Nxe3 16.
Rxe3 Rd2 17. Rc1 Rhd8 18. Rf3 f6 19. Kg2 Re8 20. a3 Bxc3 21.
Rxc3 Ree2 22. Rf3 Rxc2 23. Rxc2 Rxc2 24. b4 b6 25. Rd3 c5 26. Rd6 Kc7 27. bxc5 Rxc5 28. Re6 Ra5 29. Re7+ Kd6 30. Rxg7 Rxa3 31. Rxh7 b5 32. Rf7 Ke6 33. Rb7 Rd3 34. h4 Kf5 35. Rb6 Ra3 36. f3 Ra4 37. g4+ Kg6 38. Kg3 b4 39. h5+ Kg7 40. Rb7+ Kg8 41. Rb6 a5 42. Rxf6 b3 43. Rb6 Rb4 44.
Rc6 b2 45. h6 b1=Q 46. Rc8+ 0-1

[Event "FIDE Women World Blitz 2021"]
[Site "Warsaw"]
[Date "2021.12.29"]
[Round "5.5"]
[White "Kamalidenova, Meruert"]
[Black "Koneru, Humpy"]
[Result "0-1"]
[ECO "C70"]
[WhiteElo "2339"]
[BlackElo "2586"]
[Annotator "ChessBase"]
[PlyCount "64"]
[EventDate "2021.12.29"]
[EventType "swiss"]
[EventCountry "POL"]
[Tiebreak "Cut1 Buchholz"]
[SourceTitle "playchess.com"]
[Source "ChessBase"]
[SourceQuality "1"]
[TimeControl "180+2"]

1. e4 e5 2. Nf3 Nc6 3. Bb5 a6 4. Ba4 Bc5 5. O-O d6 6. c3 Bd7 7. d4 Ba7 8. h3 Nge7 9. Re1 O-O 10. Be3 f6 11. Nbd2 Kh8 12. Nf1 Qe8 13.
Bc2 Nd8 14. Ng3 Ne6 15. Qd2 Ng6 16. Ne2 Rd8 17. Rad1 Bc8 18.
h4 c6 19. h5 Ne7 20. Ng3 Ng8 21. Qe2 Nf4 22. Bxf4 exf4 23. Nf5 Qxh5 24. Qd2 g6 25. N5h4 Bg4 26. Bd3 Bb8 27. Be2 d5 28. e5 Rde8 29. exf6 g5 30. Ne5 Bxe5 31. Bxg4 Qxg4 32. dxe5 gxh4 0-1

[Event "FIDE Women World Blitz 2021"]
[Site "Warsaw"]
[Date "2021.12.29"]
[Round "5.6"]
[White "Muzychuk, Anna"]
[Black "Buksa, Nataliya"]
[Result "1/2-1/2"]
[ECO "B31"]
[WhiteElo "2533"]
[BlackElo "2199"]
[Annotator "ChessBase"]
[PlyCount "68"]
[EventDate "2021.12.29"]
[EventType "swiss"]
[EventCountry "POL"]
[Tiebreak "Cut1 Buchholz"]
[SourceTitle "playchess.com"]
[Source "ChessBase"]
[SourceQuality "1"]
[TimeControl "180+2"]

1. e4 c5 2. Nf3 Nc6 3. Bb5 g6 4. O-O Bg7 5. c3 Nf6 6. Re1 O-O 7. h3 Qb6 8. a4 a6 9. Bxc6 Qxc6 10. d4 d5 11. exd5 Nxd5 12. c4 Nb4 13.
d5 Qc7 14. Nc3 Bf5 15. Nh4 Bd3 16. Bg5 Rfe8 17. Qd2 Bxc4 18. Re4 Bd3 19. Rxe7 Rxe7 20. Bxe7 Qxe7 21. Nf3 Rd8 22. Re1 Qc7 23. Qg5 h6 24. Qh4 g5 25. Qg4 Qd7 26. Qg3 Nxd5 27. Ne4 Bxe4 28. Rxe4 Nf4 29. Kh2 Qd6 30. h4 Ne6 31. Ne5 f6 32. Nc4 Qxg3+ 33. Kxg3 gxh4+ 34. Kh2 Kf7 1/2-1/2

[Event "FIDE Women World Blitz 2021"]
[Site "Warsaw"]
[Date "2021.12.29"]
[Round "5.6"]
[White "Bartel, Marta"]
[Black "Gil Quilez, Sonia"]
[Result "1-0"]
[ECO "D03"]
[WhiteElo "2192"]
[BlackElo "2122"]
[Annotator "RC"]
[PlyCount "57"]
[EventDate "2021.12.29"]
[EventType "swiss"]
[EventCountry "POL"]
[Tiebreak "Cut1 Buchholz"]
[SourceTitle "playchess.com"]
[Source "ChessBase"]
[SourceQuality "1"]
[TimeControl "180+2"]

1. d4 d5 2. Nf3 Nf6 3. Bg5 c6 4. e3 Nbd7 5. Be2 Qb6 6. Qc1 Ne4 7. Bh4 e6 8. O-O Bd6 9. c4 dxc4 10. Bxc4 Qc7 11. Nc3 Nef6 12. e4 Bf4 13. Qc2 O-O 14. e5 Ne8 15. Be7 Nb6 16. Bxf8 Nxc4 17. Ne2 Bh6 18. Bb4 a5 19. Qxc4 axb4 20. Qxb4 g6 21. Ng3 Bf8 22. Qc3 Ng7 23. Ne4 Nf5 24. Nf6+ Kh8 25. Ng5 h6 26. Nge4 Ra4 27. Rad1 Rxa2 28. Qh3 Kg7 29. Ne8+ 1-0

[Event "FIDE Women World Blitz 2021"]
[Site "Warsaw"]
[Date "2021.12.29"]
[Round "5.7"]
[White "Osmak, Yuliia"]
[Black "Kosteniuk, Alexandra"]
[Result "0-1"]
[ECO "A28"]
[WhiteElo "2198"]
[BlackElo "2518"]
[Annotator "ChessBase"]
[PlyCount "118"]
[EventDate "2021.12.29"]
[EventType "swiss"]
[EventCountry "POL"]
[Tiebreak "Cut1 Buchholz"]
[SourceTitle "playchess.com"]
[Source "ChessBase"]
[SourceQuality "1"]
[TimeControl "180+2"]

1. c4 e5 2. Nc3 Nf6 3. Nf3 Nc6 4. e4 Bb4 5. d3 d6 6. a3 Bc5 7. b4 Bb6 8. Be3 Bd4 9. Rc1 Ng4 10. Bxd4 Nxd4 11. Be2 Nxf3+ 12. Bxf3 Qh4 13. g3 Qh3 14. Nd5 Kd8 15. Qe2 c6 16. Ne3 Nxe3 17. Qxe3 Qe6 18. Qg5+ Qf6 19. Qxf6+ gxf6 20. Ke2 f5 21. Ke3 Ke7 22. c5 Rd8 23. Rhd1 a5 24. cxd6+ Rxd6 25. b5 cxb5 26. Rc5 f6 27. Rxb5 b6 28. Rb3 Rb8 29. Rdb1 fxe4 30. dxe4 Ba6 31. Be2 Bc8 32. Bc4 Bd7 33. Bd5 b5 34. f4 Rdb6 35. fxe5 fxe5 36. Rf1 Rf6 37. Rbb1 Rxf1 38. Rxf1 Be6 39. Rb1 b4 40. axb4 axb4 41. Rb3 Bd7 42. h4 Ba4 43. Rb2 b3 44. g4 Kd6 45. g5 Kc5 46. h5 Kb4 47. g6 hxg6 48. hxg6 Kc3 49. Rb1 b2 50. g7 Bb3 51. Bxb3 Kxb3 52. Kf3 Rg8 53. Kg4 Rxg7+ 54. Kf5 Re7 55. Kf6 Re8 56.
Kf7 Rb8 57. Ke6 Rb5 58. Kd6 Kc2 59. Rf1 b1=Q 0-1

[Event "FIDE Women World Blitz 2021"]
[Site "Warsaw"]
[Date "2021.12.29"]
[Round "5.8"]
[White "Serikbay, Assel"]
[Black "Paehtz, Elisabeth"]
[Result "0-1"]
[ECO "E66"]
[WhiteElo "2237"]
[BlackElo "2485"]
[Annotator "ChessBase"]
[PlyCount "96"]
[EventDate "2021.12.29"]
[EventType "swiss"]
[EventCountry "POL"]
[Tiebreak "Cut1 Buchholz"]
[SourceTitle "playchess.com"]
[Source "ChessBase"]
[SourceQuality "1"]
[TimeControl "180+2"]

1. d4 d6 2. Nf3 g6 3. c4 Bg7 4. g3 Nf6 5. Bg2 O-O 6. O-O Nc6 7. Nc3 a6 8. d5 Na5 9. Nd2 c5 10. Rb1 e5 11. dxe6 Bxe6 12. Nd5 Nxd5 13. cxd5 Bf5 14. e4 Bd7 15. b3 b5 16. Bb2 Bxb2 17. Rxb2 Qf6 18. Rc2 Rfe8 19. Re1 Nb7 20. f4 Qd4+ 21. Kh1 a5 22. Qe2 a4 23. e5 Bf5 24. Rcc1 axb3 25. Nxb3 Qd3 26. Qxd3 Bxd3 27. exd6 Rxe1+ 28. Rxe1 c4 29. Nc1 Bf5 30. h3 Nxd6 31. g4 Bb1 32. Re7 Re8 33. Rxe8+ Nxe8 34. Kg1 Kf8 35. Kf2 Ke7 36. Ke3 Kd6 37. Kd4 Bc2 38. Ne2 Nc7 39.
Nc3 b4 40. Ne2 Bd3 41. Nc1 Nb5+ 42. Ke3 Bb1 43. Bf1 Kxd5 44. Bg2+ Kc5 45. h4 Nc3 46. h5 gxh5 47. gxh5 h6 48. Bf3 Bxa2 0-1

[Event "FIDE Women World Blitz 2021"]
[Site "Warsaw"]
[Date "2021.12.29"]
[Round "5.9"]
[White "Abdumalik, Zhansaya"]
[Black "Mamedjarova, Zeinab"]
[Result "1-0"]
[ECO "C41"]
[WhiteElo "2507"]
[BlackElo "2249"]
[Annotator "ChessBase"]
[PlyCount "45"]
[EventDate "2021.12.29"]
[EventType "swiss"]
[EventCountry "POL"]
[Tiebreak "Cut1 Buchholz"]
[SourceTitle "playchess.com"]
[Source "ChessBase"]
[SourceQuality "1"]
[TimeControl "180+2"]

1. e4 e5 2. Nf3 d6 3. d4 exd4 4. Nxd4 Nf6 5. Nc3 Be7 6. Bc4 O-O 7. O-O c6 8. a4 a5 9. Re1 Re8 10. b3 Bf8 11. Bb2 Nbd7 12. h3 Nc5 13.
Qf3 g6 14. Rad1 Bg7 15. e5 dxe5 16. Nxc6 Qc7 17. Nxe5 Be6 18. Nb5 Qe7 19. Bxe6 Qxe6 20. Nc7 Qb6 21. Nxa8 Rxa8 22. Nc4 Qa6 23. Rd6 1-0

[Event "FIDE Women World Blitz 2021"]
[Site "Warsaw"]
[Date "2021.12.29"]
[Round "5.10"]
[White "Zatonskih, Anna"]
[Black "Nomin-Erdene, Davaademberel"]
[Result "0-1"]
[ECO "A81"]
[WhiteElo "2394"]
[BlackElo "2188"]
[Annotator "NA"]
[PlyCount "28"]
[EventDate "2021.12.29"]
[EventType "swiss"]
[EventCountry "POL"]
[Tiebreak "Cut1 Buchholz"]
[SourceTitle "playchess.com"]
[Source "ChessBase"]
[SourceQuality "1"]
[TimeControl "180+2"]

1. d4 f5 2. g3 Nf6 3. Bg2 g6 4. Nd2 Bg7 5. e4 d6 6. c3 Nc6 7. Qe2 fxe4 8. Nxe4 O-O 9. Ng5 e5 10. dxe5 Nxe5 11. N1f3 Re8 12. O-O h6 13. Ne4 Bg4 14. Nxf6+ Qxf6 0-1

[Event "FIDE Women World Blitz 2021"]
[Site "Warsaw"]
[Date "2021.12.29"]
[Round "5.11"]
[White "Hryzlova, Sofiia"]
[Black "Zhukova, Natalia"]
[Result "0-1"]
[ECO "D02"]
[WhiteElo "2097"]
[BlackElo "2331"]
[Annotator "NA"]
[PlyCount "93"]
[EventDate "2021.12.29"]
[EventType "swiss"]
[EventCountry "POL"]
[Tiebreak "Cut1 Buchholz"]
[SourceTitle "playchess.com"]
[Source "ChessBase"]
[SourceQuality "1"]
[TimeControl "180+2"]

1. d4 d5 2. Nf3 Nf6 3. g3 c5 4. Bg2 Nc6 5. O-O e6 6. b3 Be7 7. Bb2 O-O 8. e3 b6 9. Nbd2 a5 10. a4 Ba6 11. Re1 Rc8 12. Ne5 Bd6 13.
Nxc6 Rxc6 14. Nc4 Be7 15. Ne5 Rc8 16. c4 cxd4 17. exd4 Bb4 18. Re3 dxc4 19. bxc4 Bxc4 20. Nc6 Qd6 21. Nxb4 axb4 22. Qd2 Nd5 23. Re5 Rc7 24. f4 Ne7 25. Rc1 Rfc8 26. h4 Bd5 27. Rxc7 Qxc7 28. Kh2 Bxg2 29. Qxg2 Nd5 30. Re2 Qc4 31. f5 Nc3 32. Rc2 exf5 33. Qb7 h6 34. Qxb6 Qd3 35. Rg2 Qc4 36. a5 Na4 37. Qb7 Re8 38. a6 Nxb2 39. a7 Qa2 40.
a8=Q Rxa8 41. Kh3 Rf8 42. d5 Qa3 43. d6 Nd3 44. Kh2 Nc5 45.
Qc6 b3 46. d7 b2 47. Qc7 0-1

[Event "FIDE Women World Blitz 2021"]
[Site "Warsaw"]
[Date "2021.12.29"]
[Round "5.12"]
[White "Pourkashiyan, Atousa"]
[Black "Vantika Agrawal"]
[Result "0-1"]
[ECO "B93"]
[WhiteElo "2322"]
[BlackElo "2329"]
[Annotator "NA"]
[PlyCount "53"]
[EventDate "2021.12.29"]
[EventType "swiss"]
[EventCountry "POL"]
[Tiebreak "Cut1 Buchholz"]
[SourceTitle "playchess.com"]
[Source "ChessBase"]
[SourceQuality "1"]
[TimeControl "180+2"]

1. e4 c5 2. Nf3 d6 3. d4 cxd4 4. Nxd4 Nf6 5. Nc3 a6 6. f4 e5 7. Nb3 Qc7 8. Bd3 Be7 9. O-O O-O 10. Kh1 Nbd7 11. a4 exf4 12. Bxf4 Ne5 13. Nd4 Be6 14. Bg5 Rfe8 15. Qe1 h6 16. Bxf6 Bxf6 17. Rxf6 gxf6 18. Qh4 Qc5 19. Nxe6 fxe6 20. Qxf6 Kh7 21. Rf1 Qc7 22. Qh4 Rf8 23. Re1 Qg7 24. Ne2 Qg5 25. Qh3 Rf6 26. Ng3 Raf8 27. Nh5 0-1

[Event "FIDE Women World Blitz 2021"]
[Site "Warsaw"]
[Date "2021.12.29"]
[Round "5.12"]
[White "Heredia Serrano, Carla"]
[Black "Rudzinska, Michalina"]
[Result "1/2-1/2"]
[ECO "C00"]
[WhiteElo "2138"]
[BlackElo "1832"]
[Annotator "RC"]
[PlyCount "61"]
[EventDate "2021.12.29"]
[EventType "swiss"]
[EventCountry "POL"]
[Tiebreak "Cut1 Buchholz"]
[SourceTitle "playchess.com"]
[Source "ChessBase"]
[SourceQuality "1"]
[TimeControl "180+2"]

1. e4 c5 2. Nf3 e6 3. g3 Nc6 4. Bg2 Nf6 5. Qe2 d6 6. O-O Be7 7. c3 O-O 8. Rd1 b6 9. d4 cxd4 10. cxd4 Bb7 11. Nc3 Rc8 12. Bg5 h6 13. Bxf6 Bxf6 14. e5 Be7 15. d5 exd5 16. Nxd5 Re8 17. Qb5 Bf8 18. exd6 Bxd6 19. Rac1 Ne7 20. Nxe7+ Qxe7 21. Rxc8 Rxc8 22. Qd3 Bc5 23. a3 Bc6 24. b4 Be4 25. Qd2 Qb7 26. bxc5 Bxf3 27. Bxf3 Qxf3 28. cxb6 axb6 29. Qd3 Qc6 30. Qd7 Qc5 31. a4 1/2-1/2

[Event "FIDE Women World Blitz 2021"]
[Site "Warsaw"]
[Date "2021.12.29"]
[Round "5.13"]
[White "Bulmaga, Irina"]
[Black "Salimova, Nurgyul"]
[Result "1-0"]
[ECO "B12"]
[WhiteElo "2405"]
[BlackElo "2353"]
[Annotator "NA"]
[PlyCount "77"]
[EventDate "2021.12.29"]
[EventType "swiss"]
[EventCountry "POL"]
[Tiebreak "Cut1 Buchholz"]
[SourceTitle "playchess.com"]
[Source "ChessBase"]
[SourceQuality "1"]
[TimeControl "180+2"]

1. e4 c6 2. d4 d5 3. e5 Bf5 4. Nf3 e6 5. Be2 Ne7 6. O-O Ng6 7. Be3 Nd7 8.
Re1 f6 9. Bd3 Bxd3 10. Qxd3 fxe5 11. Nxe5 Ndxe5 12. dxe5 Be7 13.
f4 O-O 14. g3 Bb4 15. c3 Ba5 16. Nd2 Ne7 17. Nf3 h6 18. Kg2 Bb6 19. Bxb6 axb6 20. a4 c5 21. b3 Qc7 22. Ra2 Ra5 23. Rd2 b5 24. axb5 Rfa8 25. g4 Rf8 26. Kg3 Ra3 27. c4 dxc4 28. Qxc4 Nd5 29. Rxd5 exd5 30. Qxd5+ Kh8 31. Re4 Ra2 32. e6 c4 33. bxc4 Qa5 34. e7 Re8 35. Qf7 Qa8 36. g5 hxg5 37.
Nxg5 Qa3+ 38. Nf3 Qa8 39. Re5 1-0